Map: Deathaura LE

Players

Furis

  • Race: Terran Terran
  • Spawn Location: 5:00

Snowwy - Winner!

  • Race: Protoss Protoss
  • League: Diamond
  • Spawn Location: 11:00

VOD

Have the link to the VOD?

Description

Time

  • Played on: March 25, 2021, 2 p.m.
  • Length: 16:10
Show
View Real Time Build Order
Export as new Build Order

Furis Terran 

Build Orders: 2 Factory, Reaper Expand 

Get SALT Encoding   

  12  0:00  SCV  
  13  0:13  SCV  
  14  0:17  Supply Depot  
  14  0:25  SCV  
  15  0:39  SCV  
  15  0:40  Barracks  
  16  0:44  Refinery  
  16  0:51  SCV  
  17  1:03  SCV  
  18  1:15  SCV  
  19  1:28  Orbital Command  
  19  1:30  Reaper  
  20  1:43  Command Center  
  20  1:52  Supply Depot  
  20  1:54  SCV  
  20  1:59  Refinery  
  21  2:05  Marine  
  22  2:16  SCV  
  23  2:28  SCV, Marine  
  25  2:33  Factory  
  25  2:40  SCV  
  25  2:41  Supply Depot  
  25  2:56  Orbital Command  
  25  3:02  Bunker, Marine  
  26  3:06  SCV  
  27  3:16  Factory Tech Lab  
  27  3:24  Factory  
  26  3:34  Engineering Bay  
  24  3:36  Marine  
  24  3:38  Cyclone  
  24  3:39  Mag-Field Accelerator  
  23  3:52  SCV x2  
  23  3:54  Marine  
  23  4:05  Missile Turret  
  23  4:08  Missile Turret  
  23  4:09  SCV  
  22  4:10  Missile Turret  
  18  4:29  Orbital Command  
  18  4:30  Missile Turret  
  15  4:46  SCV  
  15  4:49  Cyclone  
  15  4:52  Factory Tech Lab  
  19  4:58  SCV, Missile Turret  
  20  5:11  SCV  
  21  5:14  SCV  
  20  5:21  Cyclone  
  20  5:23  SCV  
  24  5:34  Cyclone  
  27  5:36  SCV  
  27  5:37  SCV  
  29  6:08  Cyclone x2  
  35  6:15  SCV x2  
  37  6:27  SCV  
  38  6:47  Supply Depot  
  38  6:50  Supply Depot  
  38  7:04  Supply Depot  
  46  7:08  SCV x2, Cyclone x2  
  46  7:20  SCV x2  
  48  7:29  Hi-Sec Auto Tracking  
  48  7:32  SCV x2  
  48  7:34  Supply Depot  
  48  7:35  Orbital Command  
  50  7:44  SCV  
  51  7:57  SCV  
  52  7:59  Cyclone x2  
  52  8:04  Barracks  
  58  8:08  Starport  
  58  8:09  SCV x2  
  60  8:21  SCV x2  
  62  8:33  SCV x2  
  64  8:37  Cyclone x2  
  70  8:45  Supply Depot  
  70  8:46  Supply Depot  
  70  8:48  Supply Depot  
  70  8:49  Starport Reactor  
  70  8:55  Barracks Reactor  
  70  8:56  Barracks  
  70  8:58  SCV x2, Barracks  
  66  9:11  SCV  
  61  9:42  Marine x2  
  61  9:44  Cyclone x2  
  69  9:47  Liberator  
  69  9:49  SCV x2  
  74  9:54  Refinery  
  74  9:55  Refinery, Barracks Tech Lab x2  
  74  10:01  SCV, Terran Infantry Weapons Level 1  
  74  10:02  Command Center  
  74  10:03  Engineering Bay  
  66  10:22  SCV, Siege Tank  
  66  10:23  SCV  
  71  10:33  Terran Infantry Armor Level 1  
  71  10:34  SCV  
  71  10:35  SCV  
  73  10:37  Marine  
  73  10:38  Marine x3  
  77  10:47  SCV  
  77  10:49  SCV  
  79  10:55  Marine  
  79  10:56  Marine x2, Siege Tank  
  85  10:59  SCV  
  85  11:01  SCV  
  87  11:10  Marine  
  88  11:11  Stimpack  
  88  11:13  Marine  
  88  11:14  Marine, Siege Tank  
  88  11:16  Medivac  
  88  11:17  SCV  
  88  11:18  SCV  
  99  11:22  Orbital Command  
  99  11:25  Supply Depot, Marine  
  98  11:28  Marine  
  98  11:29  Refinery  
  98  11:30  SCV x2  
  101  11:33  Refinery  
  101  11:35  Marine  
  101  11:38  Combat Shield  
  102  11:42  Siege Tank  
  102  11:43  Marine  
  102  11:45  Marine  
  107  11:50  SCV x2  
  107  11:51  SCV  
  107  11:53  Marine  
  111  12:01  Marine  
  111  12:03  Barracks  
  111  12:04  Barracks  
  111  12:05  Supply Depot  
  111  12:06  Supply Depot  
  111  12:08  Barracks  
  112  12:09  Barracks  
  112  12:10  Supply Depot, Marine  
  112  12:11  Marine, Siege Tank  
  117  12:26  Marine, Siege Tank, Medivac  
  117  12:27  Marine  
  124  12:30  Marine  
  125  12:40  Armory  
  125  12:44  Marine  
  125  12:45  Marine  
  125  12:48  Marine  
  114  13:02  Marine  
  83  13:18  Barracks Tech Lab  
  83  13:19  Barracks Tech Lab  
  83  13:20  Barracks Tech Lab, Barracks Reactor  
  83  13:27  Supply Depot  
  83  13:29  Supply Depot x2  
  83  13:30  Command Center  
  83  13:41  SCV, Starport x2  
  83  13:42  SCV x2, Marine  
  83  13:44  Marauder x3, Marine x2  
  95  13:49  Thor x2  
  95  13:52  Terran Vehicle Weapons Level 1  
  95  13:53  Terran Infantry Weapons Level 2  
  95  13:54  SCV, Terran Infantry Armor Level 2  
  108  14:00  Marine  
  108  14:02  Marine x2  
  111  14:06  Sensor Tower  
  111  14:08  Marine x2  
  111  14:09  Marine x3  
  116  14:17  Sensor Tower  
  116  14:18  Marine  
  116  14:19  Viking x3  
  116  14:20  Marauder x2  
  116  14:22  SCV x2  
  116  14:23  SCV  
  130  14:26  Marine  
  131  14:34  SCV  
  131  14:35  SCV  
  133  14:39  Refinery  
  133  14:40  Refinery, Thor  
  133  14:44  Marine x3  
  133  14:45  Marine x5  
  145  14:50  Orbital Command  
  147  15:02  Marine x2  
  147  15:04  Thor  
  147  15:05  Viking x3  
  161  15:17  Viking  
  161  15:19  Marine x6  
  161  15:20  Marine x2  
  171  15:23  Supply Depot  
  171  15:28  SCV x3  
  174  15:29  SCV  
  174  15:35  Viking x3  
  179  15:36  Marine  
  179  15:37  Marauder, Marine x2  
  179  15:38  Marauder  
Show
View Real Time Build Order
Export as new Build Order

Snowwy Protoss - Winner!

Build Orders: Proxy Void Ray 

Get SALT Encoding   

  12  0:09  Pylon  
  12  0:13  Probe  
  13  0:27  Gateway  
  13  0:32  Probe  
  14  0:44  Assimilator, Probe  
  14  0:48  Assimilator  
  15  0:56  Probe  
  16  1:14  Cybernetics Core  
  16  1:16  Probe  
  17  1:27  Pylon  
  17  1:28  Probe  
  18  1:40  Probe  
  19  1:52  Probe  
  19  1:53  Stargate  
  20  2:00  Adept (Chrono Boost)  
  22  2:05  Probe  
  23  2:17  Probe  
  24  2:28  Void Ray (Chrono Boost)  
  24  2:35  Probe  
  29  3:06  Pylon  
  29  3:14  Pylon  
  29  3:18  Void Ray (Chrono Boost)  
  33  3:41  Shield Battery  
  33  3:42  Shield Battery  
  33  3:44  Shield Battery  
  33  3:52  Void Ray (Chrono Boost)  
  37  4:21  Void Ray (Chrono Boost)  
  37  4:40  Nexus  
  37  4:41  Pylon  
  37  4:51  Void Ray  
  37  4:59  Pylon  
  41  5:28  Shield Battery  
  41  5:30  Shield Battery  
  41  5:31  Void Ray (Chrono Boost)  
  41  5:32  Shield Battery  
  41  5:33  Shield Battery  
  37  5:40  Probe  
  42  5:52  Probe  
  43  6:02  Void Ray (Chrono Boost)  
  35  6:05  Probe (Chrono Boost)  
  35  6:10  Probe (Chrono Boost)  
  41  6:17  Probe (Chrono Boost)  
  42  6:20  Probe (Chrono Boost)  
  42  6:22  Robotics Facility  
  42  6:23  Probe (Chrono Boost)  
  40  6:25  Probe (Chrono Boost)  
  40  6:31  Probe  
  42  6:37  Void Ray (Chrono Boost)  
  38  6:43  Probe (Chrono Boost)  
  44  6:47  Warp Gate  
  44  6:48  Probe (Chrono Boost)  
  44  6:49  Gateway  
  44  6:53  Probe (Chrono Boost)  
  45  6:56  Pylon  
  45  6:57  Probe (Chrono Boost)  
  45  6:58  Probe (Chrono Boost)  
  47  7:04  Assimilator  
  47  7:06  Assimilator  
  47  7:07  Probe  
  48  7:09  Probe  
  48  7:14  Immortal  
  53  7:23  Probe  
  53  7:27  Fleet Beacon  
  54  7:35  Probe  
  54  7:36  Zealot x2  
  59  7:41  Probe  
  60  7:46  Gateway  
  60  7:48  Gateway  
  60  7:51  Probe  
  61  7:53  Probe  
  62  8:03  Probe, Twilight Council  
  63  8:07  Stargate  
  63  8:20  Nexus  
  63  8:30  Immortal  
  67  8:38  Shield Battery  
  67  8:39  Shield Battery  
  67  8:41  Shield Battery  
  67  8:42  Pylon  
  67  8:45  Pylon  
  67  8:59  Tempest (Chrono Boost)  
  64  9:07  Stalker x4  
  62  9:31  Stalker x2  
  62  9:32  Tempest (Chrono Boost)  
  62  9:33  Stalker  
  73  9:40  Charge (Chrono Boost)  
  73  9:43  Probe x3  
  76  9:52  Shield Battery  
  76  9:55  Gateway  
  76  10:02  Tempest  
  81  10:08  Probe x2  
  81  10:09  Probe  
  76  10:30  Zealot x2  
  76  10:31  Zealot x2  
  84  10:39  Tempest  
  84  10:42  Robotics Bay  
  84  10:44  Probe x2  
  84  10:45  Probe  
  84  10:48  Pylon  
  92  10:58  Templar Archives  
  92  11:00  Probe  
  93  11:06  Probe x2, Pylon  
  93  11:08  Pylon  
  95  11:28  Zealot x3, Nexus  
  95  11:29  Zealot x2  
  105  11:33  Colossus (Chrono Boost)  
  111  11:43  Probe x3  
  114  11:47  Assimilator  
  114  11:49  Assimilator  
  114  11:51  Psionic Storm, Pylon  
  114  11:56  Pylon  
  114  12:05  Pylon  
  114  12:07  Gateway  
  114  12:12  High Templar x4  
  114  12:13  Zealot  
  124  12:20  Probe x2  
  124  12:21  Probe  
  127  12:29  Colossus (Chrono Boost)  
  127  12:32  Probe x2  
  127  12:33  Probe  
  136  12:50  Zealot  
  136  12:51  Zealot x4  
  114  13:16  Zealot x6  
  114  13:19  Probe x2  
  129  13:20  Probe x2  
  130  13:27  Pylon  
  130  13:28  Pylon  
  130  13:31  Extended Thermal Lance (Chrono Boost), Probe  
  130  13:32  Probe x3, Gateway  
  134  13:35  Gateway  
  134  13:38  Gateway  
  134  13:40  Gateway  
  134  13:41  Phoenix  
  134  13:45  Probe x2  
  134  13:46  Probe  
  134  13:47  Probe  
  140  13:57  Gateway  
  140  13:58  High Templar x5  
  140  13:59  High Templar  
  140  14:01  Pylon  
  140  14:02  Archon  
  152  14:03  Archon x2  
  152  14:06  Phoenix, Pylon  
  152  14:09  Pylon  
  154  14:15  Pylon  
  154  14:16  Pylon  
  154  14:19  Gateway  
  154  14:21  Gateway  
  154  14:24  Forge  
  154  14:25  Forge  
  154  14:31  Pylon  
  154  14:33  Pylon  
  154  14:35  Assimilator  
  154  14:39  Assimilator  
  154  14:43  High Templar x4  
  154  14:44  High Templar  
  164  14:46  High Templar  
  164  14:48  Archon x2  
  164  14:50  Archon, Nexus  
  166  15:17  High Templar x4  
  166  15:18  Zealot  
  166  15:19  Zealot x6  
  188  15:22  Archon x2  
  188  15:32  Nexus  
Tags
 
Add a new tag
Caveats
  • Supply blocks, unpowered buildings, or Contaminate may cause inaccurate times.
  • Supply counts are checked every 10 seconds.